Map: Ruins of Endion

Players

capac

  • Race: Terran Terran
  • League: Gold

silvercrow - Winner!

  • Race: Zerg Zerg
  • League: Gold

VOD

Have the link to the VOD?

Description

Time

  • Played on: May 10, 2016, 12:17 p.m.
  • Length: 17:51
Show
View Real Time Build Order
Export as new Build Order

capac Terran 

Build Orders: Reaper Expand, MMM Bio 

Get SALT Encoding   

  12  0:01  SCV  
  13  0:13  SCV  
  14  0:19  Supply Depot  
  14  0:25  SCV  
  15  0:40  SCV  
  15  0:42  Barracks  
  16  0:45  Refinery  
  16  0:52  SCV  
  17  1:05  SCV  
  18  1:17  SCV  
  19  1:29  Orbital Command  
  19  1:31  Reaper  
  20  1:48  Command Center  
  20  1:55  Supply Depot  
  20  1:56  SCV  
  21  2:03  Marine  
  23  2:08  SCV  
  23  2:14  Factory  
  23  2:16  Refinery  
  23  2:20  Marine  
  24  2:33  SCV  
  25  2:38  Marine  
  25  2:45  Barracks  
  25  2:53  SCV  
  25  2:58  Marine  
  26  3:01  Orbital Command  
  27  3:06  Bunker, SCV  
  27  3:10  Factory Tech Lab  
  28  3:13  Starport  
  28  3:18  SCV  
  29  3:29  SCV  
  29  3:31  SCV  
  29  3:33  Marine  
  33  3:37  Siege Tank  
  33  3:38  Barracks Reactor  
  35  3:44  Engineering Bay  
  35  3:51  SCV  
  35  3:52  SCV  
  37  3:55  Supply Depot  
  37  3:58  Medivac  
  39  4:03  SCV  
  39  4:04  SCV  
  41  4:17  SCV x2  
  46  4:27  Refinery  
  46  4:29  Marine  
  46  4:30  Marine  
  45  4:31  SCV x2  
  47  4:38  Supply Depot  
  47  4:44  Missile Turret  
  47  4:46  SCV x2  
  49  4:57  Barracks  
  49  5:00  Missile Turret  
  49  5:05  Marine x3  
  52  5:07  Factory Tech Lab  
  52  5:08  Starport Reactor  
  52  5:16  Barracks  
  52  5:17  Barracks  
  52  5:20  Command Center  
  52  5:22  SCV x2  
  52  5:23  Missile Turret  
  52  5:26  Refinery  
  52  5:28  Supply Depot  
  54  5:29  Stimpack  
  54  5:32  Marine x3  
  57  5:37  Siege Tank  
  57  5:41  SCV x2  
  62  5:45  Terran Infantry Weapons Level 1  
  62  5:50  Missile Turret  
  62  5:54  Medivac x2  
  62  5:56  SCV  
  68  5:57  SCV  
  68  6:03  Supply Depot  
  68  6:05  Barracks Reactor x2  
  68  6:09  SCV x2  
  70  6:15  Liberator x2  
  70  6:21  Missile Turret  
  70  6:28  Supply Depot  
  70  6:29  Siege Tank  
  79  6:34  Marine x2  
  79  6:36  Orbital Command  
  81  6:42  Armory  
  81  6:43  Supply Depot  
  81  6:49  Engineering Bay  
  81  6:52  Supply Depot  
  81  6:53  Marine  
  81  6:54  Marine x4  
  82  6:59  SCV  
  87  7:04  Siege Tank  
  90  7:26  Marine x7  
  97  7:31  Orbital Command  
  97  7:35  Viking x2  
  101  7:38  Siege Tank  
  101  7:39  Combat Shields  
  101  7:41  Terran Infantry Armor Level 1  
  101  7:43  Marine  
  105  7:55  Missile Turret  
  105  8:06  Medivac x2  
  109  8:20  Supply Depot  
  109  8:21  Marine x7  
  109  8:26  Siege Tank  
  120  8:34  SCV x3  
  120  8:36  Medivac  
  120  8:38  Marine  
  125  8:41  Marine, Medivac  
  128  8:51  Supply Depot  
  128  8:52  Marine x3  
  128  8:53  Marine x2  
  133  8:59  Concussive Shells  
  133  9:08  Barracks  
  133  9:09  Barracks  
  133  9:12  Marine x2  
  129  9:26  Refinery  
  129  9:28  Liberator x2  
  133  9:55  Missile Turret  
  133  9:57  Missile Turret  
  133  9:58  Missile Turret  
  133  9:59  Barracks Reactor x2  
  133  10:04  Barracks  
  133  10:09  Supply Depot, Missile Turret  
  133  10:13  Refinery  
  133  10:19  SCV, Missile Turret  
  133  10:20  SCV x2  
  136  10:23  Marine  
  136  10:24  Marine x4  
  141  10:30  Marine x2  
  141  10:34  Starport  
  143  10:36  Liberator  
  143  10:39  Starport  
  143  10:41  Marine  
  143  10:42  Marine  
  139  11:04  Marine, Missile Turret  
  139  11:05  Marine  
  139  11:06  Marine, Missile Turret  
  139  11:09  Marine  
  139  11:10  Liberator  
  141  11:11  Marine x3  
  141  11:18  Starport Reactor x2  
  141  11:25  Supply Depot x2  
  141  11:27  Marine x2  
  141  11:28  Missile Turret, SCV x3  
  141  11:31  Liberator  
  149  11:36  Refinery  
  149  11:38  Liberator x3  
  149  11:46  Marine, SCV, Armory  
  151  11:49  Liberator  
  165  12:13  Barracks Reactor x2  
  163  12:24  Liberator x3  
  156  12:45  SCV x3  
  159  12:53  Missile Turret  
  159  12:56  Liberator  
  159  12:58  SCV x3  
  162  13:02  Liberator  
  162  13:04  Liberator  
  153  13:30  Liberator x2  
  153  13:32  Marine  
  153  13:33  Marine x5  
  139  13:50  Marine  
  139  13:51  Marine x3  
  139  14:00  Liberator  
  139  14:21  SCV x2  
  144  14:33  Liberator  
  124  14:47  Liberator  
  124  14:48  Liberator  
  121  15:25  Liberator x2  
  123  16:03  SCV x2  
  125  16:15  SCV  
  125  16:16  Medivac x2  
  130  16:51  Supply Depot  
  130  16:54  Supply Depot  
  130  17:00  Barracks Reactor  
  130  17:01  Barracks Reactor  
  130  17:34  Supply Depot  
Show
View Real Time Build Order
Export as new Build Order

silvercrow Zerg - Winner!

Build Orders: Hatch First, Muta Ling Bane 

Get SALT Encoding   

  12  0:11  Drone x2  
  14  0:27  Extractor, Drone  
  14  0:30  Overlord  
  15  0:52  Drone x2  
  17  1:03  Hatchery  
  16  1:04  Extractor  
  15  1:11  Spawning Pool  
  14  1:22  Drone x3  
  17  1:35  Drone  
  18  1:44  Overlord  
  18  2:07  Queen  
  18  2:08  Zergling x2  
  21  2:11  Drone  
  22  2:18  Metabolic Boost  
  22  2:20  Queen  
  22  2:22  Drone  
  25  2:43  Drone x2  
  26  2:53  Zergling x2  
  26  2:55  Overlord x2  
  27  3:11  Baneling Nest  
  26  3:16  Zergling x8  
  30  3:21  Drone  
  30  3:22  Drone  
  33  3:27  Drone x2  
  33  3:29  Hatchery  
  33  3:47  Pneumatized Carapace  
  33  3:55  Overlord  
  33  3:58  Overlord  
  33  3:59  Drone x3  
  33  4:00  Drone x2  
  36  4:17  Lair  
  36  4:22  Drone x6  
  42  4:30  Extractor  
  41  4:35  Drone x5  
  46  4:42  Drone x2  
  48  4:56  Drone x3  
  48  4:57  Drone x3  
  54  5:00  Extractor  
  54  5:05  Extractor  
  52  5:15  Drone x3  
  52  5:16  Drone  
  52  5:17  Extractor  
  52  5:18  Centrifical Hooks  
  55  5:24  Overlord x2  
  55  5:25  Evolution Chamber  
  54  5:30  Queen  
  54  5:33  Spore Crawler  
  54  5:34  Overlord  
  55  5:46  Spore Crawler  
  54  5:56  Drone  
  54  5:57  Drone x2  
  57  6:01  Spire  
  57  6:02  Drone x7  
  57  6:03  Drone x6  
  69  6:12  Extractor  
  69  6:13  Drone x2  
  70  6:31  Zergling x12  
  76  6:34  Drone x3  
  79  6:42  Drone x2  
  79  6:45  Zerg Melee Weapons Level 1  
  81  6:58  Zergling x10  
  86  7:12  Overlord  
  86  7:13  Overlord  
  86  7:16  Mutalisk x2  
  86  7:18  Overlord  
  86  7:19  Overlord x3  
  90  7:23  Zerg Flyer Weapons Level 1  
  90  7:59  Hatchery  
  90  8:00  Spire  
  88  8:13  Hatchery  
  87  8:23  Mutalisk x2  
  87  8:24  Mutalisk x8  
  87  8:25  Mutalisk x7  
  121  8:28  Overlord x4  
  121  8:33  Spore Crawler  
  120  8:38  Spore Crawler  
  119  8:42  Infestation Pit  
  118  8:50  Overlord x3  
  118  8:56  Spore Crawler  
  118  8:57  Drone  
  118  8:59  Drone x3  
  121  9:07  Mutalisk x5  
  121  9:08  Mutalisk  
  133  9:10  Extractor  
  133  9:11  Extractor  
  133  9:12  Zergling x8  
  133  9:16  Zerg Flyer Armor Level 1  
  133  9:44  Drone x6  
  133  9:45  Drone x2  
  141  9:53  Drone x3  
  141  9:54  Drone x2  
  141  9:57  Spore Crawler  
  141  9:59  Spore Crawler  
  144  10:01  Extractor  
  144  10:03  Zerg Melee Weapons Level 2  
  144  10:06  Zerg Flyer Weapons Level 2  
  143  10:07  Evolution Chamber  
  143  10:09  Hive, Mutalisk x3  
  143  10:10  Mutalisk  
  150  10:18  Spore Crawler  
  150  10:20  Spine Crawler x2  
  150  10:21  Spine Crawler, Drone x5, Spore Crawler  
  147  10:22  Drone x4  
  147  10:26  Extractor  
  151  10:50  Mutalisk x2  
  151  10:51  Mutalisk x6  
  165  11:22  Drone x3, Spore Crawler  
  165  11:24  Drone x3  
  170  11:30  Zerg Flyer Armor Level 2  
  170  11:35  Zerg Ground Armor Level 1  
  170  11:37  Adrenal Glands  
  166  12:41  Overlord x2  
  166  12:49  Ultralisk Cavern  
  165  12:53  Zerg Melee Weapons Level 3  
  165  12:54  Zerg Flyer Weapons Level 3  
  165  13:05  Hatchery  
  164  13:06  Hatchery  
  131  13:47  Mutalisk x4  
  131  13:48  Mutalisk x8  
  141  13:49  Mutalisk x7  
  167  14:03  Chitinous Plating  
  167  14:04  Zerg Ground Armor Level 2  
  167  14:17  Extractor  
  167  14:21  Extractor  
  163  14:48  Pathogen Glands  
  163  14:50  Viper x7  
  163  14:51  Viper  
  187  14:53  Ultralisk x2  
  199  15:04  Zerg Flyer Armor Level 3  
  197  15:35  Burrow  
  197  15:49  Hatchery  
  188  16:08  Greater Spire  
  188  17:03  Hatchery  
  188  17:08  Ultralisk x2  
Tags
 
Add a new tag
Caveats
  • Supply blocks, unpowered buildings, or Contaminate may cause inaccurate times.
  • Supply counts are checked every 10 seconds.